 Dungeon Crawl Stone Soup version 0.20.1-1-g8b1a95d (webtiles) character file.

91 Fandomethor the Cutter (level 4, -2/21 HPs)
             Began as a Spriggan Enchanter on Sept 27, 2017.
             Killed from afar by an orc wizard (6 damage)
             ... with a magic dart
             ... on level 3 of the Dungeon.
             The game lasted 00:08:31 (2069 turns).

Fandomethor the Cutter (Spriggan Enchanter)         Turns: 2069, Time: 00:08:32

Health: -2/21      AC:  4    Str:  4    XL:     4   Next: 34%
Magic:  1/9        EV: 18    Int: 16    God:
Gold:   113        SH:  0    Dex: 17    Spells: 6/8 levels left

rFire    . . .     SeeInvis +   a - +1 dagger
rCold    . . .     Gourm    .   (shield restricted)
rNeg     . . .     Faith    .   b - +2 robe
rPois    .         Spirit   .   (helmet restricted)
rElec    .         Reflect  .   (no cloak)
rCorr    .         Harm     .   (gloves unavailable)
MR       .....                  (boots unavailable)
Stlth    +++.......             (no amulet)
Regen    0.1/turn               (no ring)
MPRegen  0.2/turn               (no ring)

@: very quick
A: unfitting armour, see invisible, herbivore 3, speed 3, slow metabolism 2
a: no special abilities


You were on level 3 of the Dungeon.
You were not hungry.

You visited 1 branch of the dungeon, and saw 3 of its levels.

You collected 113 gold pieces.

Inventory:

Hand Weapons
 a - a +1 dagger (weapon)
Armour
 b - a +2 robe (worn)
Scrolls
 e - 2 scrolls of recharging
 f - a scroll of fog
 g - a scroll of enchant weapon
 h - 3 scrolls of enchant armour
 r - 2 scrolls of teleportation {unknown}
Potions
 i - a potion of magic {unknown}
 j - a potion of flight {unknown}
 k - 2 potions of curing {unknown}
 l - 2 potions of mutation {unknown}
 m - a potion of agility {unknown}
Books
 c - a book of Maledictions

   Spells                             Type                      Level
   a - Corona                         Hexes                        1
   b - Ensorcelled Hibernation        Hexes/Ice                    2
   c - Confuse                        Hexes                        3
   d - Tukima's Dance                 Hexes                        3
   e - Dazzling Spray                 Conjuration/Hexes            3
Comestibles
 d - 4 bread rations


   Skills:
 * Level 4.7 Short Blades
 - Level 3.0 Dodging
 - Level 4.4 Stealth
 - Level 2.6 Spellcasting
 - Level 3.6 Hexes


You had 6 spell levels left.
You knew the following spells:

 Your Spells              Type           Power        Failure   Level  Hunger
s - Ensorcelled Hibernat  Hex/Ice        #.....       14%         2    ##.....


Dungeon Overview and Level Annotations

Branches:
Dungeon (3/15)

Altars:
Trog


Innate Abilities, Weirdness & Mutations

You are very small and have problems with some larger weapons.
You are too small for most types of armour.
You have supernaturally acute eyesight. (SInv)
You are a herbivore.
You cover ground extremely quickly.
You need consume almost no food.


Message History

The orc wizard mumbles some strange words.
The orc wizard blinks!
Casting: Ensorcelled Hibernation
Confirm with . or Enter, or press ? or * to list all spells.
Okay, then.
You see here a glowing spear.
There is a stone staircase leading up here.
You see here a meat ration.
Casting: Ensorcelled Hibernation
Confirm with . or Enter, or press ? or * to list all spells.
Aiming: Ensorcelled Hibernation
Press: ? - help, Shift-Dir - straight line, f/p - orc wizard
Aim: an orc wizard, wielding a dagger of speed and wearing a robe (chance to defeat MR: 38%)
The orc wizard resists with some effort.
The orc wizard casts a spell at you. The magic dart hits you!
* * * LOW HITPOINT WARNING * * *
The orc wizard casts a spell at you. The magic dart hits you!
You die...

#......##.## #.
#......##.# #.
#########.# #.
###..# ###.
#...## #... #.###
#... #.# #...
#######.# #...
##@..[...# #...
####.o#######
#### #.)o%##
#####
#)#########...o..
#........oo.#
#############


You could see an orc wizard and an orc.

Vanquished Creatures
  Crazy Yiuf (D:2)
  An adder (D:2)
  2 worms (D:2)
  A dart slug (D:1)
  A leopard gecko (D:2)
  An orc (D:3)
  5 giant cockroaches
  5 goblins
  5 hobgoblins
  2 jackals (D:2)
  2 bats (D:1)
  5 frilled lizards
  6 kobolds
  7 rats
44 creatures vanquished.

Notes
Turn   | Place    | Note
-------+----------+-------------------------------------------
     0 | D:1      | Fandomethor the Spriggan Enchanter began the quest for the Orb.
     0 | D:1      | Reached XP level 1. HP: 9/9 MP: 5/5
   528 | D:1      | Reached XP level 2. HP: 12/13 MP: 6/6
   967 | D:2      | Learned a level 2 spell: Ensorcelled Hibernation
  1070 | D:2      | Found a bloodstained altar of Trog.
  1101 | D:2      | Reached XP level 3. HP: 16/16 MP: 8/8
  1226 | D:2      | Found a runed door.
  1230 | D:2      | Noticed Crazy Yiuf
  1234 | D:2      | Killed Crazy Yiuf
  1366 | D:2      | Reached XP level 4. HP: 16/21 MP: 6/9
  2069 | D:3      | Killed from afar by an orc wizard

Skill      XL: |  1  2  3 |
---------------+----------+-----
Short Blades   | 2 3 4 |  4.7
Dodging        | |  3.0
Stealth        | |  4.4
Spellcasting   | |  2.6
Hexes          | |  3.6

Action                   |  1- 3 |  4- 6 || total
-------------------------+-------+-------++-------
Melee: Dagger            |   154 |    90 ||   244
 Cast: Corona            |     1 |       ||     1
       Ensorcelled Hiber |     1 |     6 ||     7
  Use: Scroll            |     6 |     4 ||    10
 Stab: Sleeping          |    13 |     7 ||    20
       Distracted        |     1 |     1 ||     2
Armor: Robe              |    18 |    12 ||    30
Dodge: Dodged            |   110 |    49 ||   159
